AoeStats
← Dark Templar

Oasis

508126896Analyzed
2v2 RM · 10d ago on Sep 21, 2026· 41m 44s· 4 players
Game mode
Random Map
Map size
Medium (4 player)
Population
200
Speed
Normal
Resources
Standard
Victory
Conquest
Starting age
Dark Age
Ending age
Imperial Age
RankedLock teamsTeams togetherTeam positionsShared explorationLock speedFull tech treeHidden civsTurbo modeCheats
Victory
Defeat
🇨🇱 Mapuche · Chile
946
+15
🇨🇱 Spanish · Chile
945
+15
🇦🇷 Byzantines · Argentina
956
-49
🇦🇷 Lithuanians · Argentina
885
-13
Dark Templar
6:51 Loom
10:51 Feudal Age
11:20 Double-Bit Axe
12:18 Wheelbarrow
16:42 Gold Mining
20:20 Castle Age
20:29 Stone Mining
21:07 Horse Collar
24:04 Stone Shaft Mining
26:38 Fletching
29:23 Fervor
30:41 Bow Saw
31:41 Gold Shaft Mining
32:05 Scale Barding Armor
32:21 Forging
33:10 Devotion
34:41 Chain Barding Armor
36:08 Hand Cart
36:23 Squires
35:43 Pikeman
41:45 Imperial Age
dalmironieves
7:10 Loom
10:24 Feudal Age
12:17 Double-Bit Axe
14:56 Town Watch
15:47 Wheelbarrow
15:14 Gold Mining
23:11 Castle Age
22:50 Bloodlines
25:31 Thumb Ring
27:27 Pikeman
28:08 Squires
27:31 Elite Skirmisher
28:17 Husbandry
29:06 Ballistics
33:20 Scale Barding Armor
33:16 Scale Mail Armor
33:17 Padded Archer Armor
33:13 Fletching
33:52 Forging
37:44 Imperial Age
Lealcinho.23
5:10 Loom
12:48 Feudal Age
18:20 Castle Age
17:47 Bloodlines
17:56 Double-Bit Axe
19:50 Horse Collar
25:26 Bow Saw
28:49 Wheelbarrow
32:50 Imperial Age
30:42 Heavy Plow
32:14 Hand Cart
32:16 Forging
31:58 Fletching
36:07 Elite Conquistador
39:34 Pikeman
40:01 Gambesons
40:16 Squires
40:01 Arson
43:04 Chemistry
42:24 Ballistics
Fau10
4:30 Loom
11:47 Feudal Age
16:12 Castle Age
14:24 Double-Bit Axe
15:27 Horse Collar
24:17 Heavy Plow
24:16 Gold Mining
27:50 Wheelbarrow
27:32 Bow Saw
31:43 Imperial Age
29:56 Hand Cart
30:51 Caravan
31:21 Coinage
30:55 Scale Mail Armor
31:05 Forging
30:46 Fletching
31:03 Padded Archer Armor
30:56 Stone Mining
32:24 Chain Mail Armor
32:30 Town Watch
33:19 Crop Rotation
33:25 Gold Shaft Mining
34:01 Chemistry
33:21 Ballistics
33:41 Iron Casting
33:02 Bodkin Arrow
34:51 Pikeman
34:53 Elite Skirmisher
36:38 Plate Mail Armor
36:24 Leather Archer Armor
37:09 Blast Furnace
36:06 Capped Ram
36:29 Elite Kona
37:19 Elite Bolas Rider
37:51 Arson
38:05 Halberdier
39:43 Malon
39:49 Butalmapu
40:04 Conscription
Connection lost

Rejoining the realm…

Still unreachable

The connection could not be restored.

Session expired

The server has moved on; the page needs a fresh start.